 Dungeon Crawl Stone Soup version 0.27-a0-1186-g8b4daa1eef (webtiles) character file.

Game seed: 6674307866386304607

7543 siradein the Covert (level 11, -6/127 HPs)
             Began as a Gnoll Brigand on May 19, 2021.
             Was a Believer of Nemelex Xobeh.
             Mangled by a yak (9 damage)
             ... on level 10 of the Dungeon.
             The game lasted 00:38:32 (11257 turns).

siradein the Covert (Gnoll Brigand)                Turns: 11257, Time: 00:38:33

Health: -6/127     AC: 17    Str: 17    XL:     11   Next: 16%
Magic:  20/20      EV: 17    Int: 14    God:    Nemelex Xobeh [**....]
Gold:   307        SH:  0    Dex: 21    Spells: 22/22 levels left

rFire    + . .     SeeInvis +   P - +6 mace "Nuofagho" {vorpal, +Blink +Rage rF+ Dex+2}
rCold    . . .     Faith    .   (no shield)
rNeg     + + .     Spirit   .   G - +4 scale mail of Xom's Esteem {Str+3}
rPois    .         Reflect  .   I - +1 hat
rElec    .         Harm     .   Q - scarf {shadows}
rCorr    .         Rampage  .   J - +0 pair of gloves
Will     .....                  k - +2 pair of boots
Stlth    ..........             o - amulet of the acrobat
HPRegen  0.31/turn              D - +6 ring of dexterity
MPRegen  0.17/turn              q - ring "Zohely" {*Slow rN++ EV+4 Int+3 SInv}

@: confused, berserking, slowed
A: fangs 1, strong nose, distributed training
a: Renounce Religion, Evoke Blink, Evoke Berserk Rage, Draw Escape, Draw
Destruction, Draw Summoning


You were on level 10 of the Dungeon.
You worshipped Nemelex Xobeh.
Nemelex Xobeh was pleased with you.
You visited 2 branches of the dungeon, and saw 11 of its levels.
You also visited: Sewer.

You collected 514 gold pieces.
You spent 207 gold pieces at shops.

Inventory:

Hand Weapons
 a - a +2 dagger
 f - a +1 short sword of electrocution
 B - the +5 spear "Majiam" {chaos, rCorr Str+4 Dex+7}
   (You found it on level 4 of the Dungeon)

   Each time it hits an enemy it has a different, random effect.
   It affects your strength (+4).
   It affects your dexterity (+7).
   It protects you from acid and corrosion.
 P - the +6 mace "Nuofagho" (weapon) {vorpal, +Blink +Rage rF+ Dex+2}
   (You took it off an orc on level 5 of the Dungeon)

   It inflicts extra damage upon your enemies.
   It affects your dexterity (+2).
   It protects you from fire.
   It lets you blink.
   It lets you go berserk.
Missiles
 d - 26 poisoned darts (quivered)
 e - 8 curare-tipped darts
 O - 8 datura-tipped darts
Armour
 k - a +2 pair of boots (worn)
 G - the +4 scale mail of Xom's Esteem (worn) {Str+3}
   (You bought it in a shop on level 8 of the Dungeon)

   It affects your strength (+3).
 I - a +1 hat (worn)
 J - a +0 pair of gloves (worn)
 Q - a scarf of shadows (worn)
Jewellery
 b - a ring of ice
 j - a ring of wizardry
 o - an amulet of the acrobat (around neck)
 q - the ring "Zohely" (right hand) {*Slow rN++ EV+4 Int+3 SInv}
   (You found it on level 7 of the Dungeon)

   [ring of evasion]

   It affects your evasion (+4).
   It affects your intelligence (+3).
   It greatly protects you from negative energy.
   It lets you see invisible.
   It may slow you when you take damage.
 D - a +6 ring of dexterity (left hand)
 E - a +6 ring of strength
 K - an amulet of faith
 M - an amulet of reflection
Wands
 c - a wand of polymorph (9)
 w - a wand of flame (13)
 N - a wand of acid (8)
Scrolls
 h - a scroll of summoning {unknown}
 l - a scroll of silence {unknown}
 m - 2 scrolls of magic mapping {unknown}
 p - 4 scrolls of amnesia {unknown}
 t - a scroll of fear {unknown}
 u - 4 scrolls of teleportation {unknown}
 v - 2 scrolls of brand weapon {unknown}
 y - a scroll of fog {unknown}
 z - 2 scrolls of enchant weapon {unknown}
 C - a scroll of torment {unknown}
 L - 2 scrolls of immolation {unknown}
Potions
 g - a potion of cancellation
 i - 2 potions of attraction
 n - 3 potions of heal wounds
 r - 5 potions of curing
 s - 6 potions of haste
 x - a potion of might
 A - 2 potions of flight
 F - a potion of lignification


   Skills:
 + Level 7.6 Fighting
 + Level 7.6 Short Blades
 + Level 6.0 Long Blades
 + Level 6.0 Axes
 + Level 6.0 Maces & Flails
 + Level 6.0 Polearms
 + Level 6.0 Staves
 + Level 6.0 Slings
 + Level 6.0 Bows
 + Level 6.0 Crossbows
 + Level 7.6 Throwing
 + Level 6.0 Armour
 + Level 6.6 Dodging
 + Level 9.9 Stealth
 + Level 6.0 Shields
 + Level 6.0 Unarmed Combat
 + Level 6.0 Spellcasting
 + Level 5.0 Conjurations
 + Level 5.0 Hexes
 + Level 5.0 Summonings
 + Level 5.0 Necromancy
 + Level 5.0 Translocations
 + Level 5.0 Transmutations
 + Level 5.0 Fire Magic
 + Level 5.0 Ice Magic
 + Level 5.0 Air Magic
 + Level 5.0 Earth Magic
 + Level 5.0 Poison Magic
 + Level 6.6 Invocations
 + Level 6.0 Evocations


You had 22 spell levels left.
You didn't know any spells.
Your spell library contained the following spells:

 Spells                   Type           Power      Damage    Failure   Level
 Magic Dart               Conj           72%        1d6       6%          1
 Searing Ray              Conj           36%        3d4       9%          2
 Dazzling Flash           Conj/Hex       36%        N/A       19%         3
 Fulminant Prism          Conj/Hex       9%         3d7       52%         4
 Iskenderun's Mystic Bla  Conj/Tloc      18%        2d6       52%         4


Dungeon Overview and Level Annotations

Branches:
Dungeon (10/15)            Temple (1/1) D:6             Orc (0/2) D:10
  Sewer (visited)
   Lair: D:8-11

Altars:
Ashenzari
Cheibriados
Dithmenos
Elyvilon
Fedhas
Gozag
Hepliaklqana
Kikubaaqudgha
Makhleb
Nemelex Xobeh
Okawaru
Qazlal
Ru
Sif Muna
Trog
Uskayaw
Vehumet
Wu Jian
Xom
Yredelemnul
Zin
The Shining One
Beogh

Shops:
D:8 ??**

Annotations:
D:10 Harold


Innate Abilities, Weirdness & Mutations

You have very sharp teeth.
Your uncanny sense of smell can sniff out nearby items.
Your experience applies equally to all skills.


Message History

* * * LOW HITPOINT WARNING * * *
The moth of wrath bites you but does no damage.
The yak completely misses you.
You draw a card...
You have drawn the Tomb.
Nothing appears to happen.
The human hits you with a +3 dagger!
* * * LOW HITPOINT WARNING * * *
The yak gores you but does no damage. The yak misses you.
The moth of wrath closely misses you. The human closely misses you.
The yak gores you but does no damage. The yak misses you.
The moth of wrath misses you. The human hits you but does no damage.
Okay, then.
You feel much better. The yak gores you!
The golden eye blinks!
The yak closely misses you. The human barely misses you. The yak misses you.
The moth of wrath barely misses you. The golden eye blinks at you.
You resist with some effort. The yak misses you.
The human hits you but does no damage. The yak closely misses you.
The golden eye blinks at you. You resist with some effort.
The moth of wrath misses you.
A red film seems to cover your vision as you go berserk!
You feel yourself moving faster!
You feel mighty! The yak misses you. The human closely misses you.
The yak barely misses you. The yak gores you!
* * * LOW HITPOINT WARNING * * *
The moth of wrath misses you. The human closely misses you. The yak gores you!
* * * LOW HITPOINT WARNING * * *
You sock the moth of wrath!
The moth of wrath is moderately wounded.
The yak closely misses you. The human barely misses you.
The golden eye blinks at you.
You are confused.
The yak misses you. The moth of wrath bites you!
* * * LOW HITPOINT WARNING * * *
The yak gores you but does no damage. The human closely misses you.
The moth of wrath bites you!
* * * LOW HITPOINT WARNING * * *
The yak gores you.
* * * LOW HITPOINT WARNING * * *
You bump into the rock wall.
The yak gores you!
You die...
Your body glows slightly and disappears.

))..## ##.##
#...# .##..#
##.####...#
####)#
##..#...# #
#)# #......#
# ##.#
##.....## #.
# #..#
###....##..)
###..###
##........
#......#
##yY.....
#..###...#
#@pY....
#.## ####
##Y[.... ..#
G..... #.#
...... #.#
...... ..#
...... ..#
#####. .##
##


You could see a moth of wrath (misshapen), 3 yaks, a human (berserk, misshapen)
and a golden eye (misshapen).

Vanquished Creatures
  A two-headed ogre (D:9)
  Pikel (D:9)
  An unseen horror (D:9)
  The ghost of kd29 the Geomancer, a novice GrEE of Ashenzari (D:5)
  A troll (D:5)
  A hornet (D:8)
  A dream sheep (shapeshifter) (D:9)
  10 yaks
  A steam dragon (D:8)
  An acid dragon (D:9)
  2 orc warriors
  3 sky beasts
  2 ice beasts
  4 ogres
  3 centaurs
  3 necrophages
  3 bullfrogs
  A kobold brigand (Sewer)
  3 scorpions
  A water moccasin skeleton (D:5)
  3 howler monkeys (D:10)
  A bullfrog zombie (D:5)
  2 jellies
  7 hounds
  4 orc priests
  2 centaur skeletons
  2 centaur zombies
  4 iguanas
  A bullfrog skeleton (D:5)
  Ijyb (D:3)
  7 orc wizards
  Natasha (thrice) (D:2)
  A hound zombie (D:5)
  Robin (D:3)
  A howler monkey zombie (D:9)
  4 river rats
  6 adders
  2 shadow imps
  2 white imps
  An ufetubus (D:6)
  2 worms
  7 dart slugs
  30 orcs
  9 ball pythons
  3 bats
  10 endoplasms
  3 giant cockroaches
  7 goblins
  10 hobgoblins
  4 jackals
  10 kobolds
  6 quokkas
  2 frilled lizards
  A quokka skeleton (D:4)
  8 rats
211 creatures vanquished.

Vanquished Creatures (collateral kills)
  An orc warrior (D:10)
  An orc priest (D:10)
  2 orcs (D:10)
4 creatures vanquished.

Vanquished Creatures (others)
  A human (D:7)
  An orc (D:9)
  60 plants (D:9)
62 creatures vanquished.

Grand Total: 277 creatures vanquished

Notes
Turn   | Place    | Note
-------+----------+-------------------------------------------
     0 | D:1      | siradein the Gnoll Brigand began the quest for the Orb.
     0 | D:1      | Reached XP level 1. HP: 20/20 MP: 1/1
   232 | D:1      | Reached XP level 2. HP: 26/26 MP: 2/2
   806 | D:1      | Reached XP level 3. HP: 31/31 MP: 3/3
  1039 | D:1      | Found a faded altar of an unknown god.
  1245 | D:2      | Noticed Natasha
  1252 | D:2      | Killed Natasha
  1253 | D:2      | Reached skill level 1 in Long Blades
  1253 | D:2      | Reached skill level 1 in Axes
  1253 | D:2      | Reached skill level 1 in Maces & Flails
  1253 | D:2      | Reached skill level 1 in Polearms
  1253 | D:2      | Reached skill level 1 in Staves
  1253 | D:2      | Reached skill level 1 in Slings
  1253 | D:2      | Reached skill level 1 in Bows
  1253 | D:2      | Reached skill level 1 in Crossbows
  1253 | D:2      | Reached skill level 1 in Armour
  1253 | D:2      | Reached skill level 1 in Shields
  1253 | D:2      | Reached skill level 1 in Unarmed Combat
  1253 | D:2      | Reached skill level 1 in Spellcasting
  1253 | D:2      | Reached skill level 1 in Invocations
  1253 | D:2      | Reached skill level 1 in Evocations
  1293 | D:2      | Reached XP level 4. HP: 36/38 MP: 5/5
  1401 | D:2      | Noticed Natasha
  1404 | D:2      | Killed Natasha
  1412 | D:2      | Noticed Natasha
  1426 | D:2      | Killed Natasha
  1427 | D:2      | Reached skill level 1 in Conjurations
  1427 | D:2      | Reached skill level 1 in Hexes
  1427 | D:2      | Reached skill level 1 in Summonings
  1427 | D:2      | Reached skill level 1 in Necromancy
  1427 | D:2      | Reached skill level 1 in Translocations
  1427 | D:2      | Reached skill level 1 in Transmutations
  1427 | D:2      | Reached skill level 1 in Fire Magic
  1427 | D:2      | Reached skill level 1 in Ice Magic
  1427 | D:2      | Reached skill level 1 in Air Magic
  1427 | D:2      | Reached skill level 1 in Earth Magic
  1427 | D:2      | Reached skill level 1 in Poison Magic
  1504 | D:2      | Reached XP level 5. HP: 42/43 MP: 6/6
  2053 | D:3      | Noticed Ijyb
  2065 | D:3      | Killed Ijyb
  2333 | D:3      | Noticed Robin
  2406 | D:3      | Killed Robin
  2750 | D:3      | Reached skill level 8 in Stealth
  2886 | D:3      | Reached XP level 6. HP: 45/50 MP: 8/8
  3129 | D:4      | Reached skill level 5 in Fighting
  3129 | D:4      | Reached skill level 5 in Short Blades
  3129 | D:4      | Reached skill level 5 in Throwing
  3155 | D:4      | Noticed an orc warrior
  3168 | D:4      | Killed an orc warrior
  3195 | D:4      | Reached XP level 7. HP: 39/56 MP: 10/10
  3285 | D:4      | Found a shadowy altar of Dithmenos.
  3371 | D:4      | Found a glowing drain.
  3386 | Sewer    | Entered a sewer
  3529 | Sewer    | Found a white marble altar of Elyvilon.
  3912 | D:4      | Identified the +5 spear "Majiam" {chaos, rCorr Str+4 Dex+7}
  4151 | D:5      | Entered Level 5 of the Dungeon
  4161 | D:5      | Found a stormy altar of Qazlal.
  4286 | D:5      | Reached XP level 8. HP: 57/63 MP: 12/12
  4318 | D:5      | Noticed a yak
  4343 | D:5      | Noticed a troll
  4574 | D:5      | Found a runed translucent gate.
  4574 | D:5      | Found a runed translucent gate.
  4574 | D:5      | Found a runed translucent gate.
  4632 | D:5      | Noticed kd29's ghost (novice GrEE)
  4633 | D:5      | Identified the +6 mace "Nuofagho" {vorpal, +Blink +Rage rF+
                  | Dex+2}
  4633 | D:5      | Identified the +0 scale mail of Kikubaaqudgha's Pride
                  | {Int+6 SInv}
  4964 | D:6      | Found a staircase to the Ecumenical Temple.
  4983 | Temple   | Entered the Ecumenical Temple
  5186 | Temple   | Became a worshipper of Nemelex Xobeh the Trickster
  5521 | D:6      | Found a glowing golden altar of the Shining One.
  5577 | D:6      | Reached XP level 9. HP: 69/69 MP: 14/14
  5950 | D:7      | Identified the ring "Zohely" {*Slow rN++ EV+4 Int+3 SInv}
  5970 | D:7      | Found an ancient bone altar of Kikubaaqudgha.
  6158 | D:7      | You fall into a shaft and drop 2 floors!
  6171 | D:8      | Reached skill level 5 in Dodging
  6197 | D:8      | Reached skill level 9 in Stealth
  6382 | D:7      | Reached * piety under Nemelex Xobeh
  6663 | D:8      | Found Diaxzu Icza's Assorted Antiques.
  6676 | D:8      | Bought a jasper-encrusted scale mail for 207 gold pieces
  6676 | D:8      | Identified the +4 scale mail of Xom's Esteem {Str+3} (You
                  | bought it in a shop on level 8 of the Dungeon)
  6966 | D:8      | Noticed a hornet
  6967 | D:8      | Found Esout's General Store.
  6983 | D:8      | Killed a hornet
  6984 | D:8      | Reached skill level 5 in Invocations
  7105 | D:8      | Found Anypn's Magic Scroll Shop.
  7142 | D:8      | Found Enyob's Magic Scroll Emporium.
  7589 | D:5      | Reached XP level 10. HP: 77/77 MP: 17/17
  8063 | D:9      | Received a gift from Nemelex Xobeh
  8119 | D:9      | Noticed Pikel
  8158 | D:9      | Killed Pikel
  8159 | D:9      | Reached skill level 5 in Long Blades
  8159 | D:9      | Reached skill level 5 in Axes
  8159 | D:9      | Reached skill level 5 in Maces & Flails
  8159 | D:9      | Reached skill level 5 in Polearms
  8159 | D:9      | Reached skill level 5 in Staves
  8159 | D:9      | Reached skill level 5 in Slings
  8159 | D:9      | Reached skill level 5 in Bows
  8159 | D:9      | Reached skill level 5 in Crossbows
  8159 | D:9      | Reached skill level 5 in Armour
  8159 | D:9      | Reached skill level 5 in Shields
  8159 | D:9      | Reached skill level 5 in Unarmed Combat
  8159 | D:9      | Reached skill level 5 in Spellcasting
  8159 | D:9      | Reached skill level 5 in Evocations
  8409 | D:9      | Noticed a glowing shapeshifter
  8409 | D:9      | a yak changed into a glowing shapeshifter
  8409 | D:9      | Noticed a torpor snail
  8409 | D:9      | a glowing shapeshifter changed into a torpor snail
  8411 | D:9      | a torpor snail changed into a slime creature
  8417 | D:9      | Noticed a wolf spider
  8417 | D:9      | a slime creature changed into a wolf spider
  8420 | D:9      | Noticed a torpor snail
  8420 | D:9      | a wolf spider changed into a torpor snail
  8421 | D:9      | a torpor snail changed into a merfolk
  8422 | D:9      | Noticed a glowing orange brain
  8422 | D:9      | a merfolk changed into a glowing orange brain
  8670 | D:9      | Noticed a death drake
  8670 | D:9      | a jumping spider changed into a death drake
  8678 | D:9      | HP: 3/79 [poisoned by something (dark miasma)]
  8679 | D:9      | Noticed a water nymph
  8681 | D:9      | a water nymph changed into a floating eye
  8685 | D:9      | Paralysed by a floating eye for 3 turns
  8686 | D:9      | Noticed an elephant
  8686 | D:9      | a floating eye changed into an elephant
  8687 | D:9      | an elephant changed into a dream sheep
  9119 | D:9      | Reached ** piety under Nemelex Xobeh
  9157 | D:9      | Identified the +7 chain mail of Cer Liusm {rC+ Str-5 Dex+5}
  9403 | D:9      | Noticed a two-headed ogre
  9428 | D:9      | Identified the -1 long sword of Footeh {drain, Str+4}
  9436 | D:9      | Killed a two-headed ogre
  9631 | D:9      | Noticed an unseen horror
  9631 | D:9      | a yak changed into an unseen horror
  9635 | D:9      | Killed an unseen horror
 10265 | D:5      | Killed kd29's ghost
 10478 | D:10     | Entered Level 10 of the Dungeon
 10491 | D:10     | Upgraded the game from 0.27-a0-1184-ge86db4a01e to
                  | 0.27-a0-1186-g8b4daa1eef
 10511 | D:10     | Noticed Harold
 10631 | D:10     | Received a gift from Nemelex Xobeh
 10688 | D:10     | Reached XP level 11. HP: 69/84 MP: 19/19
 10939 | D:10     | Noticed a two-headed ogre
 10940 | D:10     | a two-headed ogre changed into a tarantella
 10998 | D:10     | Found a staircase to the Orcish Mines.
 11197 | D:10     | Reached skill level 5 in Conjurations
 11197 | D:10     | Reached skill level 5 in Hexes
 11197 | D:10     | Reached skill level 5 in Summonings
 11197 | D:10     | Reached skill level 5 in Necromancy
 11197 | D:10     | Reached skill level 5 in Translocations
 11197 | D:10     | Reached skill level 5 in Transmutations
 11197 | D:10     | Reached skill level 5 in Fire Magic
 11197 | D:10     | Reached skill level 5 in Ice Magic
 11197 | D:10     | Reached skill level 5 in Air Magic
 11197 | D:10     | Reached skill level 5 in Earth Magic
 11197 | D:10     | Reached skill level 5 in Poison Magic
 11241 | D:10     | Noticed a two-headed ogre
 11243 | D:10     | Noticed a salamander
 11243 | D:10     | a two-headed ogre changed into a salamander
 11244 | D:10     | Noticed a moth of wrath
 11244 | D:10     | a salamander changed into a moth of wrath
 11256 | D:10     | HP: 3/127 [yak (5)]
 11257 | D:10     | Mangled by a yak

Illustrated notes

Levels and vault maps discovered:
D:1:      erik_arrival_cave_to_civilisation [erik_arrival_cave_to_hall],
          layout_basic, ebering_ecumenical_altar_hall, minmay_unequal
D:2:      layout_loops_ring, uniq_natasha
D:3:      layout_basic, minmay_joined_circles, uniq_ijyb, uniq_robin
D:4:      layout_loops_cross, marbit_many_paths, portal_sewer_entry_b
D:5:      minmay_thick_lines, layout_gridville, grunt_qazlal_sundering,
          biasface_ghost_orc_armoury
D:6:      layout_rooms, lemuel_round_altar, minmay_temple_entry_glass
D:7:      layout_basic, tgw_kikubaaqudgha, minmay_splitting_lines
D:8:      layout_rooms, serial_shops, shop, shop, shop, kennysheep_little_box
D:9:      layout_stronghold, kennysheep_nub, nicolae_benzene_ring,
          kennysheep_boxes, uniq_pikel
D:10:     layout_layer_cave, minmay_orc_entry_temple_small, uniq_harold
Temple:   eino_narrow_crystal_temple

Skill      XL: |  1  2  3  4  5  6  7  8  9 10 11 |
---------------+----------------------------------+-----
Long Blades    | 1 2 3 4 5 6 |  6.0
Axes           | 1 2 3 4 5 6 |  6.0
Maces & Flails | 1 2 3 4 5 6 |  6.0
Polearms       | 1 2 3 4 5 6 |  6.0
Staves         | 1 2 3 4 5 6 |  6.0
Slings         | 1 2 3 4 5 6 |  6.0
Bows           | 1 2 3 4 5 6 |  6.0
Crossbows      | 1 2 3 4 5 6 |  6.0
Armour         | 1 2 3 4 5 6 |  6.0
Shields        | 1 2 3 4 5 6 |  6.0
Unarmed Combat | 1 2 3 4 5 6 |  6.0
Spellcasting   | 1 2 3 4 5 6 |  6.0
Invocations    | 1 2 3 4 5 6 |  6.6
Evocations     | 1 2 3 4 5 6 |  6.0
Conjurations   | 1 2 3 4 5 |  5.0
Hexes          | 1 2 3 4 5 |  5.0
Summonings     | 1 2 3 4 5 |  5.0
Necromancy     | 1 2 3 4 5 |  5.0
Translocations | 1 2 3 4 5 |  5.0
Transmutations | 1 2 3 4 5 |  5.0
Fire Magic     | 1 2 3 4 5 |  5.0
Ice Magic      | 1 2 3 4 5 |  5.0
Air Magic      | 1 2 3 4 5 |  5.0
Earth Magic    | 1 2 3 4 5 |  5.0
Poison Magic   | 1 2 3 4 5 |  5.0
Dodging        | 3 4 5 6 |  6.6
Stealth        | 8 9 |  9.9
Fighting       | 5 6 7 |  7.6
Short Blades   | 5 6 7 |  7.6
Throwing       | 5 6 7 |  7.6

Action                   |  1- 3 |  4- 6 |  7- 9 | 10-12 || total
-------------------------+-------+-------+-------+-------++-------
Melee: Short sword       |    39 |   184 |    84 |       ||   307
       Dagger            |     4 |       |       |       ||     4
       Bite              |       |    12 |    47 |    59 ||   118
       Punch             |       |     4 |     8 |    11 ||    23
       Spear             |       |       |   276 |   168 ||   444
       Mace              |       |       |       |    70 ||    70
Invok: Draw Destruction  |       |       |       |     6 ||     6
       Draw Summoning    |       |       |       |     2 ||     2
       Draw Escape       |       |       |       |     1 ||     1
  Use: Scroll            |       |       |     7 |     2 ||     9
       Potion            |       |       |       |     4 ||     4
 Stab: Sleeping          |     8 |    10 |    14 |     1 ||    33
       Distracted        |       |       |     1 |       ||     1
       Confused          |       |       |       |     2 ||     2
Armor: Robe              |     7 |       |       |       ||     7
       Ring mail         |       |    32 |       |       ||    32
       Scale mail        |       |    68 |   128 |    93 ||   289
Dodge: Dodged            |    15 |    76 |   214 |   271 ||   576

Table legend: (Time is in decaauts)
 A = Elapsed time spent in this place.
 B = Non-inter-level travel time spent in this place.
 C = Inter-level travel time spent in this place.
 D = Time resting spent in this place.
 E = Time spent auto-exploring this place.
 F = Levels seen in this place.
 G = Mean time per level.
                   A        B        C        D        E       F      G
               +--------+--------+--------+--------+--------+-----+--------+
         Total |  11231 |  10800 |    431 |    293 |   8010 |  12 |  935.9 |
       Dungeon |  10808 |  10394 |    414 |    293 |   7681 |  10 | 1080.8 |
        Temple |    209 |    192 |     17 |      0 |    183 |   1 |  209.0 |
         Sewer |    212 |    212 |      0 |      0 |    146 |   1 |  212.0 |
               +--------+--------+--------+--------+--------+-----+--------+

Top non-repeatable levels by time:
     D:9: 1909 daAuts
     D:5: 1651 daAuts
     D:1: 1225 daAuts
     D:4: 1051 daAuts
     D:3: 1011 daAuts
     D:8: 989 daAuts
    D:10: 786 daAuts
     D:6: 757 daAuts
     D:2: 745 daAuts
     D:7: 681 daAuts
   Sewer: 212 daAuts
  Temple: 209 daAuts
